 Dungeon Crawl Stone Soup version 0.20-a0-544-g2b9a704 (webtiles) character file.

212 krabocopter the Conjurer (level 5, -5/41 HPs)
             Began as a Draconian Conjurer on Jan 31, 2017.
             Was a Follower of Uskayaw.
             Killed by divine providence
             ... invoked by an orc priest
              (10 damage)
             ... on level 4 of the Dungeon.
             The game lasted 00:11:42 (3459 turns).

krabocopter the Conjurer (Draconian Conjurer)       Turns: 3459, Time: 00:11:44

Health: -5/41      AC:  5    Str: 11    XL:     5   Next: 58%
Magic:  10/10      EV: 12    Int: 16    God:    Uskayaw [*.....]
Gold:   129        SH:  0    Dex: 11    Spells: 9/10 levels left

rFire    . . .     SeeInvis .   r - +1 short sword (venom)
rCold    . . .     Gourm    .   (armour unavailable)
rNeg     . . .     Faith    .   (no shield)
rPois    .         Spirit   .   (helmet restricted)
rElec    .         Reflect  .   (no cloak)
rCorr    .         Harm     .   (no gloves)
MR       .....                  (no boots)
Stlth    ++........             (no amulet)
Regen    0.2/turn               (no ring)
                                (no ring)

@: no status effects
A: unfitting armour, cold-blooded, AC +5
a: Stomp, Renounce Religion


You were on level 4 of the Dungeon.
You worshipped Uskayaw.
Uskayaw was noncommittal.
You were not hungry.

You visited 1 branch of the dungeon, and saw 4 of its levels.

You collected 129 gold pieces.

Inventory:

Hand Weapons
 n - a +1 dagger of freezing
 r - a +1 short sword of venom (weapon)
Jewellery
 o - a +3 ring of protection {unknown}
Wands
 q - a wand of random effects (16/48)
 u - a wand of flame (15/48)
Scrolls
 c - 3 scrolls of immolation {unknown}
 d - 3 scrolls of enchant armour {unknown}
 e - 2 scrolls of random uselessness {unknown}
 g - a scroll of teleportation {unknown}
 i - 4 scrolls of identify {unknown}
 j - 2 scrolls of magic mapping {unknown}
 p - a scroll of remove curse {unknown}
 s - a scroll of fog {unknown}
 v - a scroll of recharging {unknown}
Potions
 f - a potion of heal wounds
 k - a potion of might {unknown}
 l - a potion of ambrosia {unknown}
Books
 a - a book of Conjurations

   Spells                             Type                      Level
   a - Magic Dart                     Conjuration                  1
   b - Searing Ray                    Conjuration                  2
   c - Dazzling Spray                 Conjuration/Hexes            3
   d - Fulminant Prism                Conjuration/Hexes            4
   e - Iskenderun's Mystic Blast      Conjuration                  4
   f - Iskenderun's Battlesphere      Conjuration/Charms           5
Comestibles
 b - 3 bread rations
 h - a fruit
 m - a meat ration


   Skills:
 - Level 2.1 Fighting
 - Level 1.7 Dodging
 - Level 1.7 Stealth
 - Level 2.0 Unarmed Combat
 + Level 3.3 Spellcasting
 + Level 5.2 Conjurations


You had 9 spell levels left.
You knew the following spells:

 Your Spells              Type           Power        Failure   Level  Hunger
a - Magic Dart            Conj           ###.         1%          1    None


Dungeon Overview and Level Annotations

Branches:
Dungeon (4/15)
 Temple: D:4-7

Altars:
Dithmenos
Gozag
Sif Muna
Uskayaw
Yredelemnul

Annotations:
D:3 getnixed's ghost, amateur BaFi
D:4 azzavlup's ghost, amateur DsAK


Innate Abilities, Weirdness & Mutations

Your plain brown scales are hard. (AC +5)
You cannot fit into any form of body armour.
You are cold-blooded and may be slowed by cold attacks.


Message History

You open the door. 2 orcs, an orc priest and an orc wizard come into view.
The orc shouts!
The orc priest shouts!
The orc wizard shouts!
You hear a shout!
A bullfrog skeleton comes into view.
You closely miss the orc wizard.
The orc wizard hits you but does no damage.
The orc wizard points at you and mumbles some strange words.
The magic dart hits you!
The orc wizard gestures wildly while chanting.
The orc wizard blinks!
The orc priest mumbles some strange prayers to Beogh against you.
Beogh smites you!
The orc priest mumbles some strange prayers to Beogh against you.
Pain shoots through your body!
The orc priest invokes the aid of Beogh against you.
Beogh smites you!
* * * LOW HITPOINT WARNING * * *
The orc priest invokes the aid of Beogh against you.
Beogh smites you!
You die...

######### ## #####
###.......# ... #...
....# ##.###....
###.######..####<........
#......<@...>............
#.#...#.###..............
#..##.#.#..............#.
#...#.#................#
###.#...#.#..#..####.....
#.#..........W..# .....
##.#.#.#.##.............
#....#o#.............
#....#.#####.........


You could see an orc priest.

Vanquished Creatures
  An ogre (D:4)
  2 worker ants (D:4)
  3 adders
  An ooze (D:2)
  A worm (D:3)
  2 dart slugs (D:1)
  2 leopard geckos (D:2)
  3 orcs (D:3)
  3 giant cockroaches
  5 goblins
  4 hobgoblins
  2 ball pythons
  3 bats
  4 frilled lizards
  2 goblin zombies (D:2)
  4 kobolds
  6 rats
48 creatures vanquished.

Vanquished Creatures (others)
  A worm (D:2)
  A goblin (D:2)
2 creatures vanquished.

Grand Total: 50 creatures vanquished

Notes
Turn   | Place    | Note
-------+----------+-------------------------------------------
     0 | D:1      | krabocopter the Draconian Conjurer began the quest for the Orb.
     0 | D:1      | Reached XP level 1. HP: 14/14 MP: 3/3
   612 | D:1      | Reached XP level 2. HP: 16/22 MP: 5/5
   717 | D:1      | Reached skill level 1 in Fighting
   730 | D:1      | Reached skill level 1 in Unarmed Combat
  1080 | D:2      | Found a deep blue altar of Sif Muna.
  1118 | D:2      | Reached XP level 3. HP: 13/29 MP: 1/6
  1154 | D:2      | Found an opulent altar of Gozag.
  1394 | D:2      | Found a hide-covered altar of Uskayaw.
  1400 | D:2      | Became a worshipper of Uskayaw the Reveler
  1490 | D:2      | Reached * piety under Uskayaw
  1506 | D:2      | Found a runed door.
  1506 | D:2      | Noticed a human
  1516 | D:2      | Found a basalt altar of Yredelemnul.
  1535 | D:2      | Reached ** piety under Uskayaw
  1861 | D:3      | Noticed getnixed's ghost (amateur BaFi)
  2099 | D:3      | Found a shadowy altar of Dithmenos.
  2879 | D:4      | Reached XP level 4. HP: 36/36 MP: 1/7
  3154 | D:4      | Noticed azzavlup's ghost (amateur DsAK)
  3267 | D:4      | Noticed an ogre
  3295 | D:4      | Killed an ogre
  3295 | D:4      | Reached skill level 5 in Conjurations
  3295 | D:4      | Reached XP level 5. HP: 41/41 MP: 3/9
  3401 | D:4      | Noticed a phantom
  3459 | D:4      | Killed from afar by an orc priest

Vault maps used:
D:1:      minmay_arrival_shoal_huts
D:2:      lemuel_crystal_altar, grunt_temple_overflow_open,
          dk_yredelemnul_ordeal
D:3:      nicolae_dithmenos_through_a_glass_darkly
D:4:      black_bear_nest_1, chequers_temple_overflow_statue_of_worship,
          first_bread, minmay_bisected

Skill      XL: |  1  2  3  4 |
---------------+-------------+-----
Fighting       | 1 2 |  2.1
Unarmed Combat | 1 2 |  2.0
Spellcasting   | 3 |  3.3
Conjurations   | 5 |  5.2
Dodging        | |  1.7
Stealth        | |  1.7

Action                   |  1- 3 |  4- 6 || total
-------------------------+-------+-------++-------
Melee: Unarmed           |   131 |       ||   131
       Tailslap          |    15 |     1 ||    16
       Short sword       |    16 |    12 ||    28
       Dagger            |     7 |       ||     7
 Cast: Magic Dart        |    32 |    15 ||    47
  Use: Potion            |     4 |       ||     4
 Stab: Sleeping          |     5 |       ||     5
  Eat: Chunk             |     7 |     2 ||     9
Armor: Skin              |    53 |     2 ||    55
Dodge: Dodged            |    91 |     9 ||   100
